 Dungeon Sprint DCSS version 0.16.1-18-g436b03c (webtiles) character file.

0 noize the Ruffian (level 1, -5/21 HPs)
             Began as a Gargoyle Monk on Apr 30, 2015.
             Was a Believer of Okawaru.
             Slain by a mottled draconian
             ... wielding a +0 halberd
              (9 damage)
             ... in the Dungeon (Sprint V: "Ziggurat Sprint").
             The game lasted 00:01:15 (65 turns).

noize the Ruffian (Gargoyle Monk)                     Turns: 65, Time: 00:01:15

Health: -5/21      AC: 19    Str: 31    XL:     1   Next: 0%
Magic:  1/1        EV:  0    Int: 10    God:    Okawaru [**....]
Gold:   0          SH: 16    Dex: 12    Spells: 0 memorised, 0 levels left

rFire  + . .     SeeInvis .       - Unarmed
rCold  + . .     Clarity  .     j - +5 gold dragon armour
rNeg   + . .     SustAb   .     k - +3 large shield
rPois  ∞         Gourm    .     (no helmet)
rElec  +         Spirit   .     (no cloak)
rCorr  .         Warding  .     (no gloves)
rMut   .         NoTele   +     (no boots)
MR     .....                    (no amulet)
Stlth  ..........               K - +6 ring of strength
                                J - +6 ring of strength

@: berserking, very quick, not resistant to hostile enchantments, extremely
unstealthy
A: negative energy resistance 1, electricity resistance, unbreathing,
petrification resistance, rot immunity, AC +2
a: Heroism, Renounce Religion


You were in the Dungeon.
You worshipped Okawaru.
Okawaru was pleased with you.
You were not hungry.

You visited 1 branch

Inventory:

Armour
 a - a +0 robe
 i - a +5 crystal plate armour
 j - a +5 gold dragon armour (worn)
 k - a +3 large shield (worn)
Jewellery
 F - a +6 ring of dexterity
 G - a +6 ring of dexterity
 H - a +6 ring of intelligence
 I - a +6 ring of intelligence
 J - a +6 ring of strength (left hand)
 K - a +6 ring of strength (right hand)
Magical devices
 B - a wand of disintegration (7)
 C - a wand of fire (5)
 D - a wand of cold (5)
 E - a wand of draining (5)
Scrolls
 h - 4 scrolls of blinking
 s - 4 scrolls of amnesia
 t - 3 scrolls of recharging
 u - 7 scrolls of fog
 v - a scroll of holy word
 w - 5 scrolls of identify
 x - 5 scrolls of remove curse
 y - 2 scrolls of fear
Potions
 c - 10 potions of curing
 d - 10 potions of heal wounds
 e - 6 potions of haste
 f - 7 potions of magic
 g - 2 potions of berserk rage
 l - 2 potions of brilliance
 m - 2 potions of invisibility
 n - 2 potions of restore abilities
 o - 4 potions of resistance
 p - a potion of experience
 q - 5 potions of agility
 r - 5 potions of might
Miscellaneous
 L - a disc of storms
Comestibles
 b - 5 bread rations
 z - 42 fruits
 A - 4 meat rations


   Skills:
 + Level 3.2 Fighting
 + Level 2.4 Dodging
 + Level 2.1 Stealth
 + Level 4.0 Unarmed Combat


You couldn't memorise any spells.
You didn't know any spells.

Dungeon Overview and Level Annotations

Branches:
Dungeon (1/1)

Altars:
Ashenzari
Cheibriados
Dithmenos
Elyvilon
Fedhas
Gozag
Kikubaaqudgha
Makhleb
Nemelex Xobeh
Okawaru
Qazlal
Ru
Sif Muna
Trog
Vehumet
Xom
Yredelemnul
Zin
The Shining One
Beogh
Jiyva
Lugonu


Innate Abilities, Weirdness & Mutations

You are resistant to torment.
You are immune to poison.
Your stone body is very resilient (AC +2).
You resist negative energy.
You are resistant to electric shocks.
You can survive without breathing.
You are immune to petrification.
You are immune to rotting.


Message History

Your gold dragon armour prevents you from hitting the draconian.
You block the mottled draconian's attack.
The draconian hits you but does no damage.
You hit the draconian but do no damage.
The mottled draconian hits you from afar with a halberd!
* * * LOW HITPOINT WARNING * * *
You are too injured to fight recklessly!
You are too injured to fight recklessly!
You are too injured to fight recklessly!
You are too injured to fight recklessly!
You are too injured to fight recklessly!
You are too injured to fight recklessly!
You hit the draconian.
The draconian is lightly wounded.
You block the draconian's attack.
You hear a distant slurping noise.
Your gold dragon armour prevents you from hitting the draconian.
The draconian is lightly wounded.
The mottled draconian hits you from afar with a halberd!
You die...

▓▓▓▓▓▓▓
▓.8©8.▓
▓.....▓
▓.:.[.▓
▓..d..▓
▓..d..▓
▓..@..▓
▓▓▓▓▓▓▓


You could see a mottled draconian and a draconian.

Vanquished Creatures (others)
  A death ooze (D)
  Maurice (D)
2 creatures vanquished.

Notes
Turn   | Place    | Note
--------------------------------------------------------------
     0 | D        | noize, the Gargoyle Monk, began the quest for the Orb.
     0 | D        | Reached XP level 1. HP: 14/14 MP: 1/1
     0 | D        | Found a basalt altar of Yredelemnul.
     0 | D        | Found an iron altar of Okawaru.
     3 | D        | Found a radiant altar of Vehumet.
     3 | D        | Found a shimmering altar of Xom.
     7 | D        | Killed Maurice
    24 | D        | Found a corrupted altar of Lugonu.
    24 | D        | Found a burning altar of Makhleb.
    25 | D        | Found a viscous altar of Jiyva.
    25 | D        | Found a white marble altar of Elyvilon.
    27 | D        | Found a sparkling altar of Nemelex Xobeh.
    27 | D        | Found a deep blue altar of Sif Muna.
    31 | D        | Found a bloodstained altar of Trog.
    55 | D        | Became a worshipper of Warmaster Okawaru
    55 | D        | Acquired Okawaru's first power
    58 | D        | Entered arena 1.
    58 | D        | Noticed a draconian
    58 | D        | Noticed a mottled draconian
    60 | D        | Killed a death ooze
    65 | D        | Slain by a mottled draconian

Action                   || total
-------------------------++-------
Melee: Unarmed           ||     6
  Use: Potion            ||     1
